AoeStats
← [B$] kaeffer

Nomad

509940285Analyzed
2v2 RM · 4d ago on Sep 28, 2026· 28m 53s· 4 players
Game mode
Random Map
Map size
176×176
Population
200
Speed
Normal
Resources
Standard
Victory
Conquest
Starting age
Dark Age
Ending age
Imperial Age
RankedLock teamsTeams togetherTeam positionsShared explorationLock speedFull tech treeHidden civsTurbo modeCheats
Victory
Defeat
🇩🇪 Danes · Germany
1166
+17
🇩🇪 Italians · Germany
1122
+19
🇩🇪 Varangians · Germany
1191
-18
🇩🇪 Byzantines · Germany
1188
-18
Falke
7:07 Loom
7:14 Loom
13:51 Feudal Age
15:43 Fletching
27:40 Castle Age
[B$] kaeffer
4:27 Loom
12:36 Feudal Age
14:13 Double-Bit Axe
18:27 Castle Age
16:23 Fletching
19:27 Medium Warships
20:26 Bodkin Arrow
27:12 Wheelbarrow
28:41 Bow Saw
Ruben
4:47 Loom
16:51 Feudal Age
17:52 Double-Bit Axe
18:26 Fishing Lines
21:38 Stone Mining
21:39 Gold Mining
24:25 Castle Age
22:37 Arson
22:54 Scale Mail Armor
23:05 Forging
22:41 Horse Collar
24:24 Fletching
25:18 Medium Warships
24:59 Gillnets
28:04 Wheelbarrow
27:40 Pikeman
28:24 Squires
28:44 Chain Mail Armor
29:05 Iron Casting
wuzar
5:02 Loom
15:19 Feudal Age
19:11 Castle Age
17:09 Fletching
18:25 Fishing Lines
20:26 Bodkin Arrow
20:51 Padded Archer Armor
25:40 Leather Archer Armor
27:35 Wheelbarrow
27:26 Medium Warships
Connection lost

Rejoining the realm…

Still unreachable

The connection could not be restored.

Session expired

The server has moved on; the page needs a fresh start.